 Dungeon Crawl Stone Soup version 0.20.1-1-g8b1a95d (webtiles) character file.

684 equalderp2856 the Chopper (level 7, -12/61 HPs)
             Began as a Minotaur Fighter on July 23, 2017.
             Killed by divine providence
             ... invoked by an orc priest
              (15 damage)
             ... on level 6 of the Dungeon.
             The game lasted 00:06:11 (3470 turns).

equalderp2856 the Chopper (Minotaur Fighter)        Turns: 3470, Time: 00:06:12

Health: -12/61     AC:  7    Str: 21    XL:     7   Next: 35%
Magic:  6/6        EV:  8    Int:  5    God:
Gold:   167        SH: 10    Dex: 11    Spells: 6/6 levels left

rFire    . . .     SeeInvis .   a - +0 war axe
rCold    . . .     Gourm    .   c - +0 shield
rNeg     . . .     Faith    .   b - +0 scale mail
rPois    .         Spirit   .   (helmet restricted)
rElec    .         Reflect  .   (no cloak)
rCorr    .         Harm     .   (no gloves)
MR       .....                  (no boots)
Stlth    ..........             (no amulet)
Regen    0.2/turn               (no ring)
MPRegen  0.1/turn               (no ring)

@: lethally poisoned (-12 -> -14), drained
A: retaliatory headbutt, horns 2
a: no special abilities


You were on level 6 of the Dungeon.
You were full.

You visited 1 branch of the dungeon, and saw 5 of its levels.

You collected 167 gold pieces.

Inventory:

Hand Weapons
 a - a +0 war axe (weapon)
 o - a +0 scythe
 t - a +0 falchion
 y - a +1 vampiric dagger
 z - a +2 short sword of electrocution
 D - a +0 battleaxe
 E - a cursed +0 falchion
Missiles
 g - 110 stones (quivered)
 p - 26 arrows
 r - 21 bolts
 A - 3 tomahawks
Armour
 b - a +0 scale mail (worn)
 c - a +0 shield (worn)
 q - a +0 robe
 C - a +0 pair of boots of running
 F - a +1 robe of resistance
Jewellery
 x - an uncursed ring of resist corrosion {unknown}
Scrolls
 e - a scroll of remove curse {unknown}
 h - a scroll of recharging {unknown}
 i - 2 scrolls of enchant armour {unknown}
 j - 2 scrolls of identify {unknown}
 l - a scroll of teleportation {unknown}
 s - a scroll of magic mapping {unknown}
 v - a scroll of immolation {unknown}
 w - 2 scrolls of amnesia {unknown}
Potions
 d - 2 potions of might
 k - a potion of flight
 n - a potion of berserk rage {unknown}
 u - a potion of mutation {unknown}
 B - a potion of cancellation {unknown}
Comestibles
 f - 3 bread rations


   Skills:
 + Level 5.4(5.3) Fighting
 + Level 6.7(6.6) Axes
 + Level 5.5(5.4) Armour
 + Level 1.4(1.3) Dodging
 + Level 1.1(1.0) Stealth
 + Level 4.8(4.7) Shields


You had 6 spell levels left.
You didn't know any spells.

Dungeon Overview and Level Annotations

Branches:
Dungeon (4/15)
 Temple: D:4-7

Altars:
Ashenzari
Makhleb
Xom

Annotations:
D:6 Eustachio


Innate Abilities, Weirdness & Mutations

You reflexively headbutt those who attack you in melee.
You have a pair of horns on your head.


Message History

Your surroundings suddenly seem different. 3 orcs, an orc priest and an orc wizard come into view.
You feel sick.
The orc shouts!
The orc priest shouts!
The orc shouts!
The orc wizard shouts!
Found 2 scrolls labeled NYW EKKUILEUNO and 12 gold pieces.
You feel sick.
You feel sick.
Found 25 arrows.
You feel sick.
You feel sick.
You feel sick.
You see here 25 arrows.
You feel sick.
The orc wizard mumbles some strange words.
The orc wizard flickers and vanishes!
Deactivating autopickup; reactivate with Ctrl-A.
You feel sick.
The orc priest mumbles some strange prayers to Beogh against you.
Beogh smites you!
You die...

#.....$.#.#
....o...#.#
#...?o..#o#
#.......#o#
#.......#o#
####.####(#
#. #.# ..
#o# ## #@#
#.# #.# #.#
#.# ... .#.
. .


You could see an orc priest and 3 orcs.

Vanquished Creatures
  Sigmund (D:3)
  A water moccasin (D:6)
  A necrophage (D:3)
  3 wights (D:6)
  A bullfrog skeleton (D:3)
  Jessica (D:3)
  A worker ant (D:3)
  Natasha (D:3)
  3 adders
  An ooze (D:1)
  2 worms
  An adder skeleton (D:6)
  A dart slug (D:2)
  5 orcs (D:3)
  A ball python (D:6)
  3 giant cockroaches
  4 goblins
  6 hobgoblins
  11 jackals
  2 quokkas
  6 bats
  5 frilled lizards
  3 kobolds
  8 rats
72 creatures vanquished.

Notes
Turn   | Place    | Note
-------+----------+-------------------------------------------
     0 | D:1      | equalderp2856 the Minotaur Fighter began the quest for the Orb.
     0 | D:1      | Reached XP level 1. HP: 19/19 MP: 0/0
   217 | D:1      | Reached XP level 2. HP: 27/27 MP: 1/1
   753 | D:1      | Reached XP level 3. HP: 33/33 MP: 2/2
  1422 | D:2      | Reached skill level 3 in Axes
  1732 | D:2      | Found a shattered altar of Ashenzari.
  1857 | D:2      | Found a burning altar of Makhleb.
  2165 | D:3      | Noticed Sigmund
  2167 | D:3      | Reached XP level 4. HP: 38/41 MP: 3/3
  2306 | D:3      | Killed Sigmund
  2306 | D:3      | Reached skill level 4 in Axes
  2306 | D:3      | Reached skill level 1 in Dodging
  2306 | D:3      | Reached XP level 5. HP: 39/47 MP: 4/4
  2431 | D:3      | Noticed a necrophage
  2439 | D:3      | Killed a necrophage
  2439 | D:3      | Reached skill level 5 in Fighting
  2439 | D:3      | Reached skill level 5 in Axes
  2439 | D:3      | Reached skill level 5 in Armour
  2439 | D:3      | Reached skill level 1 in Stealth
  2439 | D:3      | Reached XP level 6. HP: 50/55 MP: 5/5
  2553 | D:3      | Noticed Natasha
  2557 | D:3      | Killed Natasha
  2896 | D:3      | Found a shimmering altar of Xom.
  3067 | D:3      | Noticed Jessica
  3071 | D:3      | Killed Jessica
  3362 | D:4      | You fall through a shaft for 2 floors!
  3383 | D:6      | Noticed a water moccasin
  3397 | D:6      | Reached skill level 6 in Axes
  3403 | D:6      | Reached XP level 7. HP: 36/60 MP: 6/6
  3433 | D:6      | HP: 1/61 [water moccasin (5)]
  3451 | D:6      | Noticed Eustachio
  3468 | D:6      | HP: 3/61 [poisoned by Eustachio]
  3470 | D:6      | Killed from afar by an orc priest

Skill      XL: |  1  2  3  4  5  6 |
---------------+-------------------+-----
Fighting       | 4 5 |  5.4
Armour         | 4 5 |  5.5
Axes           | 3 4 5 6 |  6.7
Shields        | 4 |  4.8
Dodging        | 1 |  1.4
Stealth        | 1 |  1.1

Action                   |  1- 3 |  4- 6 |  7- 9 || total
-------------------------+-------+-------+-------++-------
Melee: War axe           |   103 |    81 |    14 ||   198
       Headbutt          |    11 |    14 |     2 ||    27
  Use: Potion            |       |       |     3 ||     3
  Eat: Chunk             |     2 |       |       ||     2
       Royal jelly       |       |     3 |       ||     3
       Bread ration      |       |     1 |       ||     1
Armor: Scale mail        |    67 |    24 |    10 ||   101
Dodge: Dodged            |    44 |    24 |     6 ||    74
Block: Shield            |    64 |    34 |     6 ||   104
